General information
- name: BNet
- type: Ladder team game (AT/RT)
- host: Battle.net
- saver: HOLLAatCHOboi
map: MarketSquare
- players: 8
- length: 22:13
- speed: Fast
- version: 1.26 W3XP
- replay type: Public
» download(126 KB)
Players
team 1 (loser)
5o1.RAZORBACKS (
green | 59 APM | 1295 actions | 22:00)
5 Blademaster
2 Wind Walk
3 Critical Strike
3 Shadow Hunter
2 Hex
1 Healing Wave
» actions
| Assign group hotkey | 5 | |
| Basic commands | 39 | |
| Build / train | 78 | |
| Enter build submenu | 10 | |
| Enter hero's abilities submenu | 8 | |
| Give item / drop item | 1 | |
| Remove unit from queue | 2 | |
| Right click | 741 | |
| Select / deselect | 296 | |
| Select group hotkey | 44 | |
| Use ability | 71 | |
1295 total
» units
| Peon | 8 | |
| Wind Rider | 15 | |
| Kodo Beast | 1 | |
| Troll Batrider | 1 | |
25 total
» upgrades
| Armor | 3 | |
| Ranged Weapons | 2 | |
| Envenomed Spears | 1 | |
| War Drums Damage Increase | 1 | |
| Reinforced Defenses | 1 | |
8 total
» buildings
| Altar of Storms | 1 | |
| Orc Burrow | 5 | |
| War Mill | 1 | |
| Stronghold | 4 | |
| Voodoo Lounge | 1 | |
| Beastiary | 2 | |
| Fortress | 3 | |
17 total
» build order
00:07 Altar of Storms
00:15 Orc Burrow
00:52 War Mill
02:14 Stronghold
02:14 Stronghold
02:15 Stronghold
02:20 Voodoo Lounge
02:25 Orc Burrow
04:10 Orc Burrow
04:43 Beastiary
04:48 Beastiary
05:06 Orc Burrow
07:31 Orc Burrow
11:58 Fortress
11:59 Fortress
» items
| Healing Salve | 1 | |
| Orb of Lightning | 1 | |
| Scroll of Town Portal | 1 | |
3 total
evaeve (
orange | 16 APM | 351 actions | 22:08)
2 Paladin
1 Holy Light
1 Devotion Aura
1 Firelord
1 Summon Lava Spawn
» actions
| Basic commands | 25 | |
| Build / train | 41 | |
| Enter build submenu | 19 | |
| Enter hero's abilities submenu | 4 | |
| Right click | 73 | |
| Select / deselect | 150 | |
| Use ability | 39 | |
351 total
» units
| Peasant | 8 | |
| Footman | 12 | |
| Rifleman | 8 | |
| Flying Machine | 2 | |
30 total
» upgrades
» buildings
| Altar of Kings | 1 | |
| Farm | 7 | |
| Barracks | 1 | |
| Blacksmith | 1 | |
| Scout Tower | 3 | |
| Keep | 1 | |
| Arcane Tower | 3 | |
| Arcane Vault | 1 | |
| Workshop | 1 | |
| Castle | 1 | |
| Lumber Mill | 1 | |
21 total
» build order
00:07 Altar of Kings
00:39 Farm
01:27 Barracks
01:34 Farm
02:47 Farm
02:54 Blacksmith
03:50 Scout Tower
03:52 Scout Tower
04:59 Keep
05:06 Arcane Tower
05:09 Arcane Tower
05:13 Scout Tower
05:16 Arcane Vault
06:49 Farm
06:51 Arcane Tower
10:25 Workshop
14:44 Farm
16:44 Castle
17:06 Lumber Mill
19:38 Farm
20:23 Farm
PUNY_HUMAN (
yellow | 32 APM | 700 actions | 22:11)
3 Archmage
2 Summon Water Elemental
1 Brilliance Aura
» actions
| Build / train | 85 | |
| Enter build submenu | 21 | |
| Enter hero's abilities submenu | 3 | |
| Right click | 349 | |
| Select / deselect | 202 | |
| Use ability | 40 | |
700 total
» units
| Peasant | 21 | |
| Footman | 3 | |
| Rifleman | 19 | |
| Priest | 11 | |
| Sorceress | 3 | |
57 total
» upgrades
| Gunpowder | 3 | |
| Armor | 3 | |
| Priest Training | 2 | |
8 total
» buildings
| Altar of Kings | 1 | |
| Farm | 9 | |
| Barracks | 1 | |
| Lumber Mill | 1 | |
| Blacksmith | 2 | |
| Scout Tower | 5 | |
| Guard Tower | 6 | |
| Keep | 4 | |
| Town Hall | 1 | |
| Arcane Sanctum | 1 | |
| Castle | 1 | |
32 total
» build order
00:11 Altar of Kings
00:14 Farm
00:59 Barracks
01:18 Farm
01:41 Lumber Mill
01:53 Blacksmith
01:58 Blacksmith
02:11 Farm
02:49 Farm
03:05 Scout Tower
03:43 Guard Tower
03:43 Guard Tower
03:43 Guard Tower
03:52 Farm
04:50 Keep
04:50 Keep
04:51 Keep
05:31 Farm
06:15 Farm
07:30 Town Hall
07:41 Arcane Sanctum
07:43 Castle
08:27 Scout Tower
09:20 Farm
10:36 Farm
10:54 Guard Tower
10:57 Scout Tower
11:28 Guard Tower
11:29 Scout Tower
13:08 Guard Tower
13:52 Scout Tower
» items

»
Macarrao (
pink | 33 APM | 717 actions | 21:57)
4 Keeper of the Grove
2 Entangling Roots
2 Thorns Aura
» actions
| Build / train | 130 | |
| Enter build submenu | 29 | |
| Enter hero's abilities submenu | 4 | |
| Right click | 263 | |
| Select / deselect | 240 | |
| Use ability | 51 | |
717 total
» units
| Wisp | 35 | |
| Huntress | 7 | |
| Archer | 12 | |
| Dryad | 25 | |
| Druid of the Claw | 11 | |
| Hippogryph | 22 | |
112 total
» upgrades
| Moon Armor | 2 | |
| Strength of the Moon | 2 | |
| Sentinel | 1 | |
| Abolish Magic | 1 | |
| Druid of the Claw Training | 1 | |
| Strength of the Wild | 2 | |
| Reinforced Hides | 1 | |
| Improved Bows | 1 | |
11 total
» buildings
| Moon Well | 10 | |
| Altar of Elders | 2 | |
| Hunter's Hall | 1 | |
| Ancient of War | 1 | |
| Ancient of Wonders | 1 | |
| Tree of Ages | 1 | |
| Ancient Protector | 5 | |
| Tree of Life | 1 | |
| Ancient of Lore | 2 | |
| Ancient of Wind | 3 | |
| Tree of Eternity | 1 | |
28 total
» build order
00:16 Moon Well
00:58 Altar of Elders
01:14 Hunter's Hall
01:46 Ancient of War
02:13 Moon Well
03:15 Ancient of Wonders
03:19 Tree of Ages
03:36 Ancient Protector
05:04 Moon Well
06:09 Moon Well
07:24 Tree of Life
07:48 Ancient of Lore
09:37 Ancient Protector
10:22 Ancient Protector
12:40 Moon Well
13:01 Ancient of Wind
13:51 Moon Well
13:55 Ancient of Lore
14:54 Tree of Eternity
15:00 Moon Well
15:11 Moon Well
16:48 Ancient Protector
16:51 Ancient Protector
17:06 Ancient of Wind
17:47 Ancient of Wind
18:35 Moon Well
18:54 Moon Well
19:52 Altar of Elders
team 2 (winner)

»
JdBp (
red | 59 APM | 1319 actions | 22:12)
6 Blademaster
3 Wind Walk
2 Critical Strike
1 Bladestorm
4 Tauren Chieftain
2 Endurance Aura
2 War Stomp
2 Death Knight
2 Unholy Aura
» actions
| Assign group hotkey | 12 | |
| Build / train | 61 | |
| Enter build submenu | 17 | |
| Enter hero's abilities submenu | 12 | |
| Remove unit from queue | 1 | |
| Right click | 714 | |
| Select / deselect | 168 | |
| Select group hotkey | 254 | |
| Use ability | 80 | |
1319 total
» units
» upgrades
| Pillage | 1 | |
| Melee Weapons | 1 | |
| Ranged Weapons | 3 | |
| Envenomed Spears | 1 | |
| Reinforced Defenses | 1 | |
| Armor | 3 | |
| Berserker Strength | 1 | |
11 total
» buildings
| Altar of Storms | 1 | |
| Orc Burrow | 7 | |
| Barracks | 1 | |
| Voodoo Lounge | 1 | |
| War Mill | 1 | |
| Stronghold | 1 | |
| Watch Tower | 4 | |
| Fortress | 1 | |
| Beastiary | 2 | |
19 total
» build order
00:06 Altar of Storms
00:19 Orc Burrow
00:38 Barracks
01:40 Orc Burrow
02:20 Voodoo Lounge
03:16 Orc Burrow
03:49 War Mill
04:20 Stronghold
05:37 Watch Tower
05:41 Watch Tower
06:22 Watch Tower
06:25 Watch Tower
06:46 Fortress
10:24 Beastiary
10:27 Beastiary
10:31 Orc Burrow
10:40 Orc Burrow
13:02 Orc Burrow
20:27 Orc Burrow
» items
| Healing Salve | 6 | |
| Lesser Clarity Potion | 3 | |
| Boots of Speed | 1 | |
| Orb of Lightning | 1 | |
| Scroll of Town Portal | 1 | |
| Scroll of Speed | 1 | |
13 total
HOLLAatCHOboi (
purple | 69 APM | 1525 actions | 22:13)
7 Blademaster
3 Wind Walk
2 Critical Strike
1 Bladestorm
1 Mirror Image
» actions
| Assign group hotkey | 131 | |
| Basic commands | 19 | |
| Build / train | 72 | |
| Enter build submenu | 30 | |
| Enter hero's abilities submenu | 7 | |
| Remove unit from queue | 2 | |
| Right click | 708 | |
| Select / deselect | 251 | |
| Select group hotkey | 167 | |
| Use ability | 138 | |
1525 total
» units
| Peon | 29 | |
| Grunt | 3 | |
| Troll Batrider | 8 | |
40 total
» upgrades
| Ranged Weapons | 3 | |
| Armor | 2 | |
| Troll Regeneration | 1 | |
| Liquid Fire | 1 | |
| Reinforced Defenses | 1 | |
8 total
» buildings
| Orc Burrow | 5 | |
| Altar of Storms | 1 | |
| Barracks | 1 | |
| Voodoo Lounge | 1 | |
| Stronghold | 2 | |
| War Mill | 1 | |
| Watch Tower | 12 | |
| Halls of the Dead | 1 | |
| Great Hall | 3 | |
| Beastiary | 4 | |
| Spirit Tower | 1 | |
| Fortress | 1 | |
| Spirit Lodge | 2 | |
35 total
» build order
00:11 Orc Burrow
01:11 Altar of Storms
01:13 Barracks
01:20 Orc Burrow
01:55 Voodoo Lounge
02:55 Stronghold
02:55 Stronghold
04:14 War Mill
05:27 Watch Tower
05:39 Halls of the Dead
06:28 Great Hall
06:40 Beastiary
06:43 Watch Tower
06:46 Watch Tower
07:00 Beastiary
07:20 Spirit Tower
09:13 Fortress
10:16 Orc Burrow
13:43 Orc Burrow
14:19 Watch Tower
14:20 Watch Tower
14:20 Watch Tower
15:05 Spirit Lodge
17:01 Great Hall
17:59 Great Hall
18:03 Watch Tower
18:03 Watch Tower
18:04 Watch Tower
18:04 Watch Tower
18:06 Watch Tower
18:06 Watch Tower
19:15 Spirit Lodge
21:20 Beastiary
21:21 Beastiary
22:01 Orc Burrow
» items
| Healing Salve | 2 | |
| Boots of Speed | 1 | |
| Staff of Teleportation | 1 | |
| Orb of Lightning | 1 | |
| Potion of Healing | 1 | |
| Periapt of Vitality | 1 | |
7 total

»
wargamer008 (
teal | 16 APM | 42 actions | 02:41)
» actions
| Build / train | 5 | |
| Enter build submenu | 5 | |
| Right click | 13 | |
| Select / deselect | 14 | |
| Use ability | 5 | |
42 total
» units
» buildings
| Altar of Darkness | 1 | |
| Crypt | 1 | |
| Ziggurat | 2 | |
| Graveyard | 1 | |
5 total
» build order
00:16 Altar of Darkness
00:20 Crypt
00:38 Ziggurat
00:59 Ziggurat
01:26 Graveyard
WEFOUNDLOVE (
blue | 49 APM | 1078 actions | 22:12)
5 Death Knight
3 Death Coil
2 Unholy Aura
4 Lich
2 Frost Nova
2 Frost Armor
2 Crypt Lord
1 Impale
1 Spiked Carapace
» actions
| Build / train | 76 | |
| Enter build submenu | 25 | |
| Enter hero's abilities submenu | 12 | |
| Give item / drop item | 1 | |
| Remove unit from queue | 1 | |
| Right click | 540 | |
| Select / deselect | 350 | |
| Use ability | 73 | |
1078 total
» units
| Acolyte | 5 | |
| Ghoul | 7 | |
| Crypt Fiend | 8 | |
| Obsidian Statue | 7 | |
| Frost Wyrm | 4 | |
31 total
» upgrades
| Creature Attack | 6 | |
| Creature Carapace | 5 | |
| Burrow | 1 | |
| Web | 1 | |
| Destroyer Form | 1 | |
14 total
» buildings
| Crypt | 1 | |
| Graveyard | 1 | |
| Altar of Darkness | 1 | |
| Ziggurat | 14 | |
| Tomb of Relics | 1 | |
| Nerubian Tower | 1 | |
| Halls of the Dead | 1 | |
| Slaughterhouse | 1 | |
| Black Citadel | 4 | |
| Sacrificial Pit | 2 | |
| Boneyard | 3 | |
| Spirit Tower | 2 | |
32 total
» build order
00:09 Crypt
00:14 Graveyard
00:59 Altar of Darkness
01:02 Ziggurat
01:14 Tomb of Relics
01:46 Ziggurat
02:49 Nerubian Tower
04:20 Halls of the Dead
04:52 Ziggurat
04:54 Ziggurat
07:09 Slaughterhouse
08:09 Black Citadel
08:09 Black Citadel
09:27 Sacrificial Pit
10:26 Ziggurat
10:30 Ziggurat
10:33 Ziggurat
10:35 Ziggurat
10:41 Ziggurat
10:45 Ziggurat
10:47 Ziggurat
10:51 Boneyard
10:55 Boneyard
10:59 Boneyard
11:14 Black Citadel
11:14 Black Citadel
11:57 Sacrificial Pit
12:00 Ziggurat
12:07 Ziggurat
12:10 Ziggurat
14:28 Spirit Tower
15:05 Spirit Tower
» items
| Rod of Necromancy | 1 | |
| Dust of Appearance | 1 | |
| Potion of Healing | 2 | |
| Scroll of Town Portal | 1 | |
5 total
Chat log
(00:30 / All) HOLLAatCHOboi: DONT EVEN NEED TO BUY NEW DRESS
(00:40 / All) HOLLAatCHOboi: YOU AINT HERE AINT NO ONE ELSE TO IMPRESS
(00:40 / Allies) JdBp: Sayyy whaa?
(00:44 / All) PUNY_HUMAN: DEVIL IN A NEW DRESS
(00:51 / All) wargamer008: NIGGERS!@
(00:56 / Allies) JdBp: oh fuck
(00:58 / All) HOLLAatCHOboi: GOT ME LOOKING SO CRAZY RIGHT NOW
(00:59 / All) HOLLAatCHOboi: YOUR LOVE
(01:01 / All) PUNY_HUMAN: nate higgers
(01:07 / All) HOLLAatCHOboi: YOUR TOUCH GOT ME LOOKING SO CRAZY RIGHT NOW
(01:08 / All) wargamer008: HATES THEM NIGGERS
(01:14 / All) wargamer008: STEALS MY PRECIOUSES
(01:19 / Allies) WEFOUNDLOVE: ty
(01:21 / Allies) JdBp: sorry I was late with the g's.
(01:25 / Allies) JdBp: didn't notice.
(01:49 / All) wargamer008: Who here is a nigger?
(01:53 / All) WEFOUNDLOVE: me
(01:57 / All) wargamer008: I think slavery was the worst thing we coulda done.
(02:02 / All) JdBp: STFU
(02:03 / All) wargamer008: coz now we have all these black folk around
(02:04 / All) HOLLAatCHOboi: From the waist down, oh oh!
(02:07 / All) PUNY_HUMAN: definitely wouldve killed myself first
(02:09 / All) 5o1.RAZORBACKS: my penis might get me confused...but i am white
(02:11 / All) wargamer008: FUCK YOU NIGGER
(02:16 / All) WEFOUNDLOVE: LOL
(02:16 / All) wargamer008: I CANT PLAY WITH A NIGGER
(02:23 / Allies) WEFOUNDLOVE: im not lol
(02:25 / All) wargamer008: DEATH TO BLACKS AND DARKIES!!!
(02:29 / All) PUNY_HUMAN: lol
(02:34 / All) 5o1.RAZORBACKS: i look like dirk diggler naked
(02:35 / All) PUNY_HUMAN: quit then
(02:38 / All) wargamer008: DEATH TO BLACKS AND NIGGERS!!! VIVA LA REVOLUTION!
(02:40 / All) wargamer008: FINE I WILL QUIT
(02:40 / All) PUNY_HUMAN: lmao green
(02:46 / Allies) HOLLAatCHOboi: lawl
(02:47 / Allies) HOLLAatCHOboi: who take
(02:55 / All) Macarrao: not too much
(02:59 / Allies) JdBp: not me
(03:09 / All) PUNY_HUMAN: lmao
(03:36 / All) HOLLAatCHOboi: awww shit
(03:41 / All) HOLLAatCHOboi: you got one!
(03:53 / Allies) JdBp: blue you take?
(03:57 / All) HOLLAatCHOboi: you got two!
(04:16 / All) 5o1.RAZORBACKS: your the fat sister i dont have
(04:23 / All) JdBp: you're :D
(04:27 / All) HOLLAatCHOboi: youy lucky I eating nigger
(05:16 / Allies) WEFOUNDLOVE: who has teal
(05:30 / Allies) JdBp: not me
(05:31 / All) HOLLAatCHOboi: I got likle 40 apm this game lawl
(05:41 / All) 5o1.RAZORBACKS: faster than your normal apm
(05:45 / All) WEFOUNDLOVE: lol
(05:46 / Allies) HOLLAatCHOboi: neither of you retards gonna take it?
(05:50 / All) HOLLAatCHOboi: you harass level 1
(05:52 / Allies) JdBp: im nub
(05:58 / All) HOLLAatCHOboi: newbie bitch
(06:05 / All) 5o1.RAZORBACKS: yeah and killlll killll killll now now now
(06:22 / All) HOLLAatCHOboi: yeah man 2 peons and an aco
(06:41 / Allies) JdBp: units?
(06:47 / Allies) HOLLAatCHOboi: bats
(06:49 / Allies) HOLLAatCHOboi: lumber
(07:35 / All) HOLLAatCHOboi: I got lazy nubs on me team
(07:50 / All) HOLLAatCHOboi: nuiib
(08:10 / Allies) JdBp: let's get mid
(08:34 / Allies) HOLLAatCHOboi: kotg
(08:53 / Allies) JdBp: wtf blue
(08:55 / All) HOLLAatCHOboi: KOTG
(08:56 / All) HOLLAatCHOboi: means
(08:58 / All) HOLLAatCHOboi: don't attack
(09:00 / All) HOLLAatCHOboi: KOTG
(09:04 / Allies) WEFOUNDLOVE: hero
(09:06 / Allies) WEFOUNDLOVE: was dead
(09:10 / Allies) JdBp: k
(09:13 / Allies) WEFOUNDLOVE: sry
(09:36 / Allies) HOLLAatCHOboi: opally
(09:43 / Allies) HOLLAatCHOboi: am
(09:54 / All) WEFOUNDLOVE: wow green rly
(09:55 / Allies) HOLLAatCHOboi: bats coming
(10:07 / All) WEFOUNDLOVE: ur rly bad lol
(10:53 / All) HOLLAatCHOboi: pos
(11:10 / Allies) WEFOUNDLOVE: i got teal
(11:26 / All) HOLLAatCHOboi: aight
(11:29 / All) HOLLAatCHOboi: idstrtactions out of the way
(12:38 / Allies) WEFOUNDLOVE: purp have nothing
(12:42 / Allies) WEFOUNDLOVE: its gg
(14:09 / All) HOLLAatCHOboi: lmao
(14:14 / Allies) HOLLAatCHOboi: gold
(14:14 / Allies) JdBp: damn lvl 7
(14:16 / Allies) JdBp: noice
(14:46 / Allies) HOLLAatCHOboi: gold
(15:18 / Allies) JdBp: tp?
(15:22 / Allies) HOLLAatCHOboi: tp my b ase
(15:25 / Allies) JdBp: too putrp>
(15:27 / Allies) HOLLAatCHOboi: whoever theay attack
(15:39 / Allies) JdBp: tping
(15:49 / Allies) WEFOUNDLOVE: <TP
(15:59 / All) WEFOUNDLOVE: gg noob
(16:24 / All) WEFOUNDLOVE: ty for free win
(16:44 / All) HOLLAatCHOboi: lol
(16:47 / All) HOLLAatCHOboi: DEATH ROAR
(17:02 / Allies) HOLLAatCHOboi: gold
(17:04 / Allies) JdBp: purp
(17:07 / Allies) JdBp: come
(17:15 / Allies) HOLLAatCHOboi: gonna take out yellows expo
(17:17 / Allies) HOLLAatCHOboi: I can tp to yo ugys
(17:19 / Allies) HOLLAatCHOboi: take out pinks expoi
(17:27 / Allies) WEFOUNDLOVE: fuck it
(17:34 / Allies) WEFOUNDLOVE: its gg
(17:49 / All) WEFOUNDLOVE: gg noob
(17:52 / All) HOLLAatCHOboi: little motherfucker
(17:57 / All) WEFOUNDLOVE: yup
(18:36 / All) WEFOUNDLOVE: noob dowb
(18:38 / All) WEFOUNDLOVE: down
(18:38 / All) HOLLAatCHOboi: my desk is so cluttered lol
(19:14 / All) WEFOUNDLOVE: green so noob lol
(19:24 / All) HOLLAatCHOboi: wyverns lol
(19:28 / All) WEFOUNDLOVE: lol
(19:49 / All) HOLLAatCHOboi: talks shit over killing two peons
(19:57 / All) HOLLAatCHOboi: I was level 4 before he ever hit 2
(19:59 / All) WEFOUNDLOVE: yellow is 27/62 3200 gold lol
(20:09 / All) WEFOUNDLOVE: 27/66
(20:17 / All) HOLLAatCHOboi: I said I prob have 40 apm this game
(20:29 / All) HOLLAatCHOboi: then you said more than I usuually get
(20:40 / All) WEFOUNDLOVE: oj 2700 gold lol
(20:41 / All) 5o1.RAZORBACKS: you were running your mouth prior...when i harassed
(20:42 / All) JdBp: apm dont mean shit
(20:48 / All) HOLLAatCHOboi: you are shit lol
(20:50 / All) 5o1.RAZORBACKS: nice hacking blue
(20:52 / All) JdBp: : D
(20:54 / All) WEFOUNDLOVE: LOL
(20:56 / All) WEFOUNDLOVE: skilllz
(20:59 / All) 5o1.RAZORBACKS: at least we know your trash ass has a reason to win
(20:59 / All) HOLLAatCHOboi: go watch nigger ball
(21:27 / Allies) HOLLAatCHOboi: lumber
(21:37 / Allies) WEFOUNDLOVE: end him
(22:11 / All) PUNY_HUMAN: DAMN YOU GUYS SUCK BRO I JUST WACKED OFF AND YALL STILL HAVENT KILLED US YET